 Dungeon Crawl Stone Soup version 0.26-a0-631-ged93497179 (webtiles) character file.

Game seed: 1819310935704149518

131 DogServant the Insei (level 5, 0/35 HPs)
             Began as an Octopode Transmuter on Sept 11, 2020.
             Killed from afar by an orc wizard (5 damage)
             ... with a magic dart
             ... on level 3 of the Dungeon.
             The game lasted 00:06:15 (3438 turns).

DogServant the Insei (Octopode Transmuter)          Turns: 3438, Time: 00:06:16

Health: 0/35       AC:  1    Str: 10    XL:     5   Next: 14%
Magic:  8/8        EV: 14    Int: 16    God:
Gold:   53         SH:  0    Dex: 12    Spells: 7/8 levels left

rFire    . . .     SeeInvis .     - Unarmed
rCold    . . .     Faith    .   (no shield)
rNeg     . . .     Spirit   .   (helmet currently unavailable)
rPois    .         Reflect  .   (no amulet)
rElec    .         Harm     .   (no ring)
rCorr    .         Rampage  .   (no ring)
MR       .....                  (no ring)
Stlth    ++........             (no ring)
HPRegen  0.11/turn              (no ring)
MPRegen  0.11/turn              (no ring)
                                (no ring)
                                (no ring)

@: appendages (expiring)
A: almost no armour, stealthy swim, amphibious, 8 rings, constrict 8, tentacle
spike 3, camouflage 1, gelatinous body 1
a: End Transformation


You were on level 3 of the Dungeon.
One of your tentacles had a temporary spike.
You visited 1 branch of the dungeon, and saw 3 of its levels.

You collected 53 gold pieces.

Inventory:

Missiles
 k - 7 poisoned darts (quivered)
Jewellery
 l - an uncursed ring of protection from fire
Scrolls
 a - 2 scrolls of fog {unknown}
 b - 2 scrolls of identify {unknown}
 d - a scroll of amnesia {unknown}
 f - a scroll of teleportation {unknown}
 g - 2 scrolls of immolation {unknown}
Potions
 c - a potion of mutation {unknown}
 e - a potion of magic {unknown}
 h - a potion of heal wounds {unknown}
 i - a potion of curing {unknown}
 j - a potion of cancellation {unknown}


   Skills:
 + Level 2.4 Fighting
 + Level 3.0 Dodging
 * Level 4.5 Unarmed Combat
 - Level 2.0 Spellcasting
 - Level 2.0 Transmutations


You had 7 spell levels left.
You knew the following spells:

 Your Spells              Type           Power        Failure   Level
a - Beastly Appendage     Tmut           #.....       9%          1

Your spell library contained the following spells:

 Spells                   Type           Power        Failure   Level
 Wereblood                Tmut           #.......     14%         2
 Spider Form              Tmut/Pois      #.........   38%         3
 Ice Form                 Ice/Tmut       #.......     80%         4
 Blade Hands              Tmut           #.........   94%         5


Dungeon Overview and Level Annotations

Branches:
Dungeon (3/15)

Altars:


Innate Abilities, Weirdness & Mutations

You cannot wear most types of armour.
You are very stealthy in the water. (Stealth+)
You are amphibious.
You can wear up to eight rings at the same time.
You can use your tentacles to constrict eight enemies at once.
Your skin changes colour to match your surroundings (Stealth+).
Your rubbery body absorbs attacks. (AC +1, EV +1)
One of your tentacles bears a large vicious spike.


Message History

* * * LOW HITPOINT WARNING * * *
The orc wizard gestures wildly while chanting.
The orc wizard blinks free!
Things that are here:
a +0 vorpal hand axe; a +0 chain mail
Things that are here:
a +0 falchion; 3 boomerangs; a +0 leather armour The orc wizard closely misses you.
You tentacle-slap the orc wizard. You grab the orc wizard.
The orc wizard is heavily wounded.
You constrict the orc wizard.
The orc wizard points at you and mumbles some strange words.
The magic dart hits you.
* * * LOW HITPOINT WARNING * * *
You tentacle-slap the orc wizard but do no damage.
The orc wizard is severely wounded.
You constrict the orc wizard, but do no damage.
The orc wizard points at you and mumbles some strange words.
The magic dart hits you.
You die...

#...............#.....
#........<##..###.....
#...###.รท.....# ##.... ###
#...###.# #....< #####.####
#....) #........# #.....
#........# #..... #.o......#
#.....
############@.......#####....
..........))...............<.
........##############....###
.o......# ###.. .o....... #..
.......## #.. .##...# .. ####
##


You could see an orc wizard (fast).

Vanquished Creatures
  5 adders
  4 worms
  2 dart slugs (D:2)
  A leopard gecko (D:2)
  2 orcs (D:3)
  A ball python (D:2)
  8 bats
  2 giant cockroaches
  11 goblins
  11 hobgoblins
  3 jackals (D:3)
  3 frilled lizards
  6 kobolds
  7 rats
66 creatures vanquished.

Notes
Turn   | Place    | Note
-------+----------+-------------------------------------------
     0 | D:1      | DogServant the Octopode Transmuter began the quest for the
                  | Orb.
     0 | D:1      | Reached XP level 1. HP: 13/13 MP: 3/3
    63 | D:1      | Reached XP level 2. HP: 3/18 MP: 3/5
  1162 | D:2      | Reached XP level 3. HP: 18/23 MP: 6/6
  1828 | D:2      | Reached skill level 4 in Unarmed Combat
  1828 | D:2      | Reached XP level 4. HP: 29/29 MP: 5/7
  2706 | D:3      | Reached XP level 5. HP: 10/35 MP: 6/8
  3438 | D:3      | Killed from afar by an orc wizard

Illustrated notes

Levels and vault maps discovered:
D:1:      minmay_arrival_solitary_statue, layout_loops_ring
D:2:      layout_loops_cross
D:3:      wad_river_or_something, layout_rooms

Skill      XL: |  1  2  3  4 |
---------------+-------------+-----
Fighting       | 2 |  2.4
Unarmed Combat | 4 |  4.5
Dodging        | 3 |  3.0
Spellcasting   | |  2.0
Transmutations | |  2.0

Action                   |  1- 3 |  4- 6 || total
-------------------------+-------+-------++-------
Melee: Unarmed           |    83 |    71 ||   154
       Constrict         |    27 |    19 ||    46
       Tentacles         |    10 |     8 ||    18
       Kick              |     8 |    16 ||    24
       Punch             |     1 |       ||     1
 Cast: Beastly Appendage |    11 |    12 ||    23
 Stab: Sleeping          |     5 |     3 ||     8
Armor: Skin              |    18 |     9 ||    27
Dodge: Dodged            |    69 |    58 ||   127

Table legend: (Time is in decaauts)
 A = Elapsed time spent in this place.
 B = Non-inter-level travel time spent in this place.
 C = Inter-level travel time spent in this place.
 D = Time resting spent in this place.
 E = Time spent auto-exploring this place.
 F = Levels seen in this place.
 G = Mean time per level.
                   A        B        C        D        E       F      G
               +--------+--------+--------+--------+--------+-----+--------+
         Total |   3427 |   3374 |     53 |    670 |   2172 |   3 | 1142.3 |
       Dungeon |   3427 |   3374 |     53 |    670 |   2172 |   3 | 1142.3 |
               +--------+--------+--------+--------+--------+-----+--------+

Top non-repeatable levels by time:
     D:3: 1249 daAuts
     D:1: 1096 daAuts
     D:2: 1081 daAuts
